MapleLeafs vs Bruins

Created - February 26 2008 at 18:30

Goals
1 2 3 OT1 SO T
MapleLeafs 2 1 1 0 0 4
Bruins 1 0 3 0 1 5
Shots
1 2 3 OT1 SO T
MapleLeafs 7 5 7 1 3 20
Bruins 2 12 17 1 2 32

Period #1

1. MapleLeafs , Jeff O'Neill 8 (Simon Gagne, Barret Jackman) at 1:59 (PP)
2. MapleLeafs , Jeff O'Neill 9 (Simon Gagne, Barret Jackman) at 10:01 (PP)
3. Bruins , Patrice Bergeron 20 (Sergei Zubov, Rick Nash) at 14:31 (PP)

Penalties :
Shane Doan (BOS) for High sticking (Minor) at 0:19, Ruslan Salei (BOS) for Hooking (Minor) at 2:53, Fedor Tyutin (TOR) for Holding (Minor) at 5:32, Sean Avery (BOS) for Tripping (Minor) at 9:27, Alexei Ponikarovsky (TOR) for Tripping (Minor) at 13:33

Period #2

4. MapleLeafs , Stephen Weiss 12 (Paul Ranger, Ian Laperriere) at 5:10

Penalties :
Barret Jackman (TOR) for Hooking (Minor) at 7:27, Paul Ranger (TOR) for Goalie Interference (Minor) at 10:04, Zdeno Chara (BOS) for Hooking (Minor) at 19:20

Period #3

5. MapleLeafs , Greg Zanon 2 (Barret Jackman, Jeff O'Neill) at 0:16 (PP)
6. Bruins , Bryan Smolinski 12 (Bobby Holik, Rostislav Klesla) at 2:50
7. Bruins , Marco Sturm 18 (Rostislav Klesla, Bobby Holik) at 11:15 (PP)
8. Bruins , Patrice Bergeron 21 (Sergei Zubov, Shane Doan) at 15:57 (PP)

Penalties :
Andreas Lilja (TOR) for Roughing (Minor) at 0:19, Jeff O'Neill (TOR) for High sticking (Minor) at 9:31, Ruslan Salei (BOS) for Interference (Minor) at 11:48, Paul Ranger (TOR) for Hooking (Minor) at 15:45

Overtime #1

No Goal

Penalties :
Rostislav Klesla (BOS) for Hooking (Minor) at 0:25

Shootout

Penalty Shot by Simon Gagne for MapleLeafs - Stopped by Tim Thomas
Penalty Shot by Sergei Zubov for Bruins - Shot Misses the Net
Penalty Shot by Ethan Moreau for MapleLeafs - Shot Misses the Net
Penalty Shot by Rick Nash for Bruins - Goal!
Penalty Shot by Alexei Ponikarovsky for MapleLeafs - Stopped by Tim Thomas

Penalties :
No Penalty

Goalie Stats

Patrick Lalime (TOR), 28 saves from 32 shots - (0.875), OTL, 0-12-2, 65:00 minutes
Dominik Hasek (BOS), 6 saves from 9 shots - (0.667), 25:10 minutes
Tim Thomas (BOS), 10 saves from 11 shots - (0.909), W, 13-8-2, 39:50 minutes

Players Stats

MapleLeafs
Player Name              G  A  P  +/- PIM S  H  SB FO MP 
-----------------------------------------------------------
Alexander Steen          0  0  0   0  0   0  0  0  0  4  
Alexei Ponikarovsky      0  0  0   0  2   2  2  0  8  26 
Andreas Lilja            0  0  0   0  2   0  1  1  0  24 
Barret Jackman           0  3  3   0  2   3  2  1  0  26 
Chris Kelly              0  0  0   0  0   0  1  0  3  9  
Ethan Moreau             0  0  0   0  0   0  0  0  11 24 
Fedor Tyutin             0  0  0   0  2   0  0  0  0  19 
Greg Zanon               1  0  1   0  0   1  0  2  0  26 
Ian Laperriere           0  1  1   0  0   0  2  1  1  21 
Ian White                0  0  0   0  0   0  1  3  0  14 
Jeff O'Neill             2  1  3   0  2   3  2  0  0  17 
Matt Greene              0  0  0   0  0   0  0  0  0  0  
Matt Stajan              0  0  0   0  0   1  1  1  26 20 
Michael Peca             0  0  0   0  0   2  2  1  15 19 
Paul Ranger              0  1  1   0  4   0  0  1  0  25 
Sandis Ozolinsh          0  0  0   0  0   0  0  0  0  0  
Simon Gagne              0  2  2   0  0   4  0  0  2  25 
Stephen Weiss            1  0  1   0  0   4  0  0  25 24 
Bruins
Player Name              G  A  P  +/- PIM S  H  SB FO MP 
-----------------------------------------------------------
Bobby Holik              0  2  2   1  0   4  4  0  27 19 
Bryan Smolinski          1  0  1   1  0   2  0  0  5  20 
Glen Murray              0  0  0   0  0   2  1  0  1  19 
Jeffrey Hamilton         0  0  0   0  0   1  0  0  0  3  
Marco Sturm              1  0  1  -1  0   4  1  0  2  21 
Mike Richards            0  0  0   0  0   0  0  0  1  7  
P.J. Axelsson            0  0  0   1  0   0  0  1  1  18 
Patrice Bergeron         2  0  2  -1  0   4  0  0  30 24 
Paul Mara                0  0  0   0  0   0  0  0  0  2  
Rick Nash                0  1  1   0  0   5  0  0  1  19 
Rostislav Klesla         0  2  2   1  2   0  2  0  0  24 
Ruslan Salei             0  0  0   0  4   0  2  0  0  23 
Sami Salo                0  0  0  -1  0   0  0  1  0  20 
Sean Avery               0  0  0   0  2   4  2  0  20 20 
Sergei Zubov             0  2  2   0  0   2  2  0  0  25 
Shane Doan               0  1  1  -1  2   1  4  0  3  21 
Shane Hnidy              0  0  0   1  0   0  0  0  0  18 
Zdeno Chara              0  0  0  -1  2   3  2  0  0  24 

3 Stars

1 - Jeff O'Neill (TOR)
2 - Barret Jackman (TOR)
3 - Bobby Holik (BOS)

Power Play

MapleLeafs - 3 on 6 Attempt(s) - 50.00%
Bruins - 3 on 7 Attempt(s) - 42.86%

Penalty Kill

MapleLeafs - 4 on 7 Attempt(s) - 57.14% - Score 0 goal in Penalty Kill
Bruins - 3 on 6 Attempt(s) - 50.00% - Score 0 goal in Penalty Kill

Game Notes

Tim Thomas enters game at 5:10 of 2nd period

Finance

Level 1 -- Attendance: 5345 (89.08%) -- Ticket Income $497,085.00
Level 2 -- Attendance: 4481 (93.35%) -- Ticket Income $246,455.00
Level 3 -- Attendance: 1755 (87.75%) -- Ticket Income $56,160.00
Level 4 -- Attendance: 3646 (96.84%) -- Ticket Income $76,566.00
Luxury Box -- Attendance: 885 (88.50%) -- Ticket Income $140,715.00
Game was played at the TD Banknorth Garden
Total Attendance: 16112 (91.73%)
Total Ticket Income: $1,044,576.00
Other Income: $171,453.60
Total Income: $1,216,030.00


Play by Play

Period #1

0:01 of 1st period - Ethan Moreau wins face-off versus Shane Doan in neutral zone.
0:19 of 1st period - Minor Penalty to Shane Doan for High sticking.
0:20 of 1st period - Stephen Weiss wins face-off versus Bryan Smolinski in neutral zone.
1:33 of 1st period - Shot by Barret Jackman.
1:33 of 1st period - Stopped by Dominik Hasek without a rebound.
1:34 of 1st period - Bobby Holik wins face-off versus Simon Gagne in Bruins zone.
1:59 of 1st period - Shot by Jeff O'Neill.
1:59 of 1st period - Goal by Jeff O'Neill - MapleLeafs : 1 - Bruins : 0.
2:00 of 1st period - Sean Avery wins face-off versus Michael Peca in neutral zone.
2:30 of 1st period - Michael Peca is hit by Sergei Zubov and loses puck.
2:37 of 1st period - Shot by Alexei Ponikarovsky.
2:37 of 1st period - Deflect By Matt Stajan.
2:37 of 1st period - Shot Misses the Net.
2:39 of 1st period - Shot by Alexei Ponikarovsky.
2:39 of 1st period - Shot Misses the Net.
2:50 of 1st period - Simon Gagne is hit by Ruslan Salei.
2:53 of 1st period - Minor Penalty to Ruslan Salei for Hooking.
2:54 of 1st period - Ethan Moreau wins face-off versus Bryan Smolinski in Bruins zone.
3:08 of 1st period - Shot by Simon Gagne.
3:08 of 1st period - Stopped by Dominik Hasek without a rebound.
3:09 of 1st period - Stephen Weiss wins face-off versus Bobby Holik in Bruins zone.
4:48 of 1st period - Sami Salo is hit by Chris Kelly and loses puck.
5:10 of 1st period - Icing by Fedor Tyutin.
5:11 of 1st period - Matt Stajan wins face-off versus Marco Sturm in MapleLeafs zone.
5:15 of 1st period - Off-side.
5:16 of 1st period - Ethan Moreau wins face-off versus Glen Murray in neutral zone.
5:28 of 1st period - Rick Nash is hit by Ian White and loses puck.
5:32 of 1st period - Minor Penalty to Fedor Tyutin for Holding.
5:33 of 1st period - Patrice Bergeron wins face-off versus Matt Stajan in MapleLeafs zone.
7:13 of 1st period - Shot by Rick Nash.
7:13 of 1st period - Stopped by Patrick Lalime without a rebound.
7:14 of 1st period - Michael Peca wins face-off versus Patrice Bergeron in MapleLeafs zone.
7:35 of 1st period - Icing by Bryan Smolinski.
7:36 of 1st period - Bobby Holik wins face-off versus Matt Stajan in Bruins zone.
7:54 of 1st period - Shot by Matt Stajan.
7:54 of 1st period - Stopped by Dominik Hasek with a rebound.
9:27 of 1st period - Minor Penalty to Sean Avery for Tripping.
9:28 of 1st period - Bobby Holik wins face-off versus Stephen Weiss in MapleLeafs zone.
9:45 of 1st period - Shot by Stephen Weiss.
9:45 of 1st period - Stopped by Dominik Hasek without a rebound.
9:46 of 1st period - Bryan Smolinski wins face-off versus Stephen Weiss in Bruins zone.
9:59 of 1st period - Shot by Barret Jackman.
9:59 of 1st period - Stopped by Dominik Hasek with a rebound.
10:01 of 1st period - Shot by Simon Gagne.
10:01 of 1st period - Deflect By Jeff O'Neill.
10:01 of 1st period - Goal by Jeff O'Neill - MapleLeafs : 2 - Bruins : 0.
10:02 of 1st period - Sean Avery wins face-off versus Stephen Weiss in neutral zone.
10:32 of 1st period - Ian Laperriere is hit by Ruslan Salei and loses puck.
11:50 of 1st period - Icing by Rostislav Klesla.
11:51 of 1st period - Bobby Holik wins face-off versus Stephen Weiss in Bruins zone.
13:33 of 1st period - Minor Penalty to Alexei Ponikarovsky for Tripping.
13:34 of 1st period - Sean Avery wins face-off versus Michael Peca in neutral zone.
14:00 of 1st period - Rostislav Klesla is hit by Michael Peca and loses puck.
14:08 of 1st period - Off-side.
14:09 of 1st period - Patrice Bergeron wins face-off versus Michael Peca in neutral zone.
14:29 of 1st period - Shot by Sergei Zubov.
14:29 of 1st period - Shot Blocked by Greg Zanon.
14:31 of 1st period - Shot by Patrice Bergeron.
14:31 of 1st period - Goal by Patrice Bergeron - MapleLeafs : 2 - Bruins : 1.
14:32 of 1st period - Matt Stajan wins face-off versus Bobby Holik in neutral zone.
15:38 of 1st period - Barret Jackman is hit by Sergei Zubov and loses puck.
15:53 of 1st period - Off-side.
15:54 of 1st period - Patrice Bergeron wins face-off versus Matt Stajan in neutral zone.
16:46 of 1st period - Icing by Zdeno Chara.
16:47 of 1st period - Patrice Bergeron wins face-off versus Stephen Weiss in Bruins zone.
18:13 of 1st period - Icing by Sergei Zubov.
18:14 of 1st period - Sean Avery wins face-off versus Stephen Weiss in Bruins zone.
19:16 of 1st period - Shot by Jeff O'Neill.
19:16 of 1st period - Shot Misses the Net.

Period #2

0:01 of 2nd period - Ethan Moreau wins face-off versus Patrice Bergeron in neutral zone.
0:30 of 2nd period - Shot by Jeff O'Neill.
0:30 of 2nd period - Deflect By Simon Gagne.
0:30 of 2nd period - Stopped by Dominik Hasek without a rebound.
0:31 of 2nd period - Stephen Weiss wins face-off versus Sean Avery in Bruins zone.
1:10 of 2nd period - Shot by Rick Nash.
1:10 of 2nd period - Stopped by Patrick Lalime with a rebound.
1:25 of 2nd period - Off-side.
1:26 of 2nd period - Ethan Moreau wins face-off versus Patrice Bergeron in neutral zone.
1:26 of 2nd period - Ethan Moreau is hit by Shane Doan.
2:01 of 2nd period - Icing by Jeff O'Neill.
2:02 of 2nd period - Ethan Moreau wins face-off versus Bobby Holik in MapleLeafs zone.
2:02 of 2nd period - Ethan Moreau is hit by Bobby Holik.
3:21 of 2nd period - Shot by Sergei Zubov.
3:21 of 2nd period - Shot Misses the Net.
3:23 of 2nd period - Shot by Sean Avery.
3:23 of 2nd period - Stopped by Patrick Lalime with a rebound.
3:25 of 2nd period - Shot by Sean Avery.
3:25 of 2nd period - Shot Blocked by Paul Ranger.
3:27 of 2nd period - Shot by Glen Murray.
3:27 of 2nd period - Stopped by Patrick Lalime with a rebound.
3:31 of 2nd period - Shot by Sergei Zubov.
3:31 of 2nd period - Shot Misses the Net.
3:33 of 2nd period - Shot by Rick Nash.
3:33 of 2nd period - Stopped by Patrick Lalime with a rebound.
3:50 of 2nd period - Icing by Andreas Lilja.
3:51 of 2nd period - Stephen Weiss wins face-off versus Patrice Bergeron in MapleLeafs zone.
3:51 of 2nd period - Alexei Ponikarovsky is hit by Shane Doan and loses puck.
4:16 of 2nd period - Shot by Shane Doan.
4:16 of 2nd period - Shot Blocked by Michael Peca.
4:22 of 2nd period - Shot by Shane Doan.
4:22 of 2nd period - Deflect By Marco Sturm.
4:22 of 2nd period - Shot Misses the Net.
4:32 of 2nd period - Shot by Marco Sturm.
4:32 of 2nd period - Deflect By Shane Doan.
4:32 of 2nd period - Shot Blocked by Ian White.
5:06 of 2nd period - Shot by Ian Laperriere.
5:06 of 2nd period - Shot Blocked by Sami Salo.
5:10 of 2nd period - Shot by Stephen Weiss.
5:10 of 2nd period - Goal by Stephen Weiss - MapleLeafs : 3 - Bruins : 1.
5:10 of 2nd period - Tim Thomas enters game.
5:11 of 2nd period - Chris Kelly wins face-off versus P.J. Axelsson in neutral zone.
5:18 of 2nd period - Shot by Bryan Smolinski.
5:18 of 2nd period - Stopped by Patrick Lalime without a rebound.
5:19 of 2nd period - Stephen Weiss wins face-off versus Rick Nash in MapleLeafs zone.
5:26 of 2nd period - Shot by Alexei Ponikarovsky.
5:26 of 2nd period - Stopped by Tim Thomas without a rebound.
5:27 of 2nd period - Bobby Holik wins face-off versus Michael Peca in Bruins zone.
5:51 of 2nd period - Icing by Bryan Smolinski.
5:52 of 2nd period - Bobby Holik wins face-off versus Matt Stajan in Bruins zone.
6:01 of 2nd period - Icing by Shane Hnidy.
6:02 of 2nd period - Bobby Holik wins face-off versus Stephen Weiss in Bruins zone.
6:15 of 2nd period - Icing by Stephen Weiss.
6:16 of 2nd period - Stephen Weiss wins face-off versus Sean Avery in MapleLeafs zone.
6:29 of 2nd period - Sergei Zubov is hit by Ian Laperriere and loses puck.
6:45 of 2nd period - Icing by Rick Nash.
6:46 of 2nd period - Sean Avery wins face-off versus Ethan Moreau in Bruins zone.
6:46 of 2nd period - Sean Avery is hit by Jeff O'Neill.
7:08 of 2nd period - Icing by Greg Zanon.
7:09 of 2nd period - Shane Doan wins face-off versus Ethan Moreau in MapleLeafs zone.
7:27 of 2nd period - Minor Penalty to Barret Jackman for Hooking.
7:28 of 2nd period - Matt Stajan wins face-off versus Sean Avery in MapleLeafs zone.
7:46 of 2nd period - Shot by Zdeno Chara.
7:46 of 2nd period - Stopped by Patrick Lalime without a rebound.
7:47 of 2nd period - Michael Peca wins face-off versus Patrice Bergeron in MapleLeafs zone.
8:03 of 2nd period - Shot by Patrice Bergeron.
8:03 of 2nd period - Shot Misses the Net.
8:05 of 2nd period - Shot by Rick Nash.
8:05 of 2nd period - Stopped by Patrick Lalime without a rebound.
8:06 of 2nd period - Michael Peca wins face-off versus Sean Avery in MapleLeafs zone.
8:28 of 2nd period - Icing by Zdeno Chara.
8:29 of 2nd period - Michael Peca wins face-off versus Sean Avery in Bruins zone.
8:29 of 2nd period - Greg Zanon is hit by Rostislav Klesla and loses puck.
9:58 of 2nd period - Shot by Bryan Smolinski.
9:58 of 2nd period - Shot Blocked by Barret Jackman.
10:04 of 2nd period - Shot by Bobby Holik.
10:04 of 2nd period - Stopped by Patrick Lalime without a rebound.
10:04 of 2nd period - Minor Penalty to Paul Ranger for Goalie Interference.
10:05 of 2nd period - Patrice Bergeron wins face-off versus Michael Peca in MapleLeafs zone.
11:18 of 2nd period - Shot by Zdeno Chara.
11:18 of 2nd period - Stopped by Patrick Lalime without a rebound.
11:19 of 2nd period - Sean Avery wins face-off versus Matt Stajan in MapleLeafs zone.
11:49 of 2nd period - Shot by Marco Sturm.
11:49 of 2nd period - Stopped by Patrick Lalime without a rebound.
11:50 of 2nd period - Michael Peca wins face-off versus Shane Doan in MapleLeafs zone.
12:03 of 2nd period - Off-side.
12:04 of 2nd period - Alexei Ponikarovsky wins face-off versus Bobby Holik in neutral zone.
12:04 of 2nd period - Alexei Ponikarovsky is hit by Bobby Holik.
12:14 of 2nd period - Icing by Ian Laperriere.
12:15 of 2nd period - Bobby Holik wins face-off versus Stephen Weiss in MapleLeafs zone.
12:43 of 2nd period - Rostislav Klesla is hit by Alexei Ponikarovsky and loses puck.
13:15 of 2nd period - Patrice Bergeron is hit by Barret Jackman and loses puck.
13:38 of 2nd period - Shot by Marco Sturm.
13:38 of 2nd period - Shot Misses the Net.
13:54 of 2nd period - Icing by Simon Gagne.
13:55 of 2nd period - Ethan Moreau wins face-off versus Sean Avery in MapleLeafs zone.
14:08 of 2nd period - Off-side.
14:09 of 2nd period - Sean Avery wins face-off versus Stephen Weiss in neutral zone.
15:00 of 2nd period - Icing by Rostislav Klesla.
15:01 of 2nd period - Matt Stajan wins face-off versus Bobby Holik in Bruins zone.
15:36 of 2nd period - Shot by Simon Gagne.
15:36 of 2nd period - Shot Misses the Net.
15:38 of 2nd period - Shot by Michael Peca.
15:38 of 2nd period - Stopped by Tim Thomas without a rebound.
15:39 of 2nd period - Patrice Bergeron wins face-off versus Michael Peca in Bruins zone.
16:14 of 2nd period - Icing by Marco Sturm.
16:15 of 2nd period - Stephen Weiss wins face-off versus Patrice Bergeron in Bruins zone.
16:20 of 2nd period - Shot by Stephen Weiss.
16:20 of 2nd period - Stopped by Tim Thomas with a rebound.
16:34 of 2nd period - Patrice Bergeron is hit by Alexei Ponikarovsky and loses puck.
17:17 of 2nd period - Shot by Rick Nash.
17:17 of 2nd period - Shot Misses the Net.
17:19 of 2nd period - Shot by Sean Avery.
17:19 of 2nd period - Shot Misses the Net.
17:21 of 2nd period - Shot by Sergei Zubov.
17:21 of 2nd period - Shot Misses the Net.
17:29 of 2nd period - Shot by Rick Nash.
17:29 of 2nd period - Shot Misses the Net.
17:31 of 2nd period - Shot by Ruslan Salei.
17:31 of 2nd period - Shot Blocked by Greg Zanon.
18:00 of 2nd period - Shot by Bobby Holik.
18:00 of 2nd period - Stopped by Patrick Lalime without a rebound.
18:01 of 2nd period - Bobby Holik wins face-off versus Matt Stajan in MapleLeafs zone.
18:21 of 2nd period - Bryan Smolinski is hit by Michael Peca and loses puck.
18:43 of 2nd period - Icing by Fedor Tyutin.
18:44 of 2nd period - Matt Stajan wins face-off versus Patrice Bergeron in MapleLeafs zone.
19:05 of 2nd period - Shot by Patrice Bergeron.
19:05 of 2nd period - Shot Blocked by Ian Laperriere.
19:07 of 2nd period - Shot by Jeffrey Hamilton.
19:07 of 2nd period - Stopped by Patrick Lalime without a rebound.
19:08 of 2nd period - Patrice Bergeron wins face-off versus Stephen Weiss in MapleLeafs zone.
19:20 of 2nd period - Minor Penalty to Zdeno Chara for Hooking.
19:21 of 2nd period - Bobby Holik wins face-off versus Stephen Weiss in Bruins zone.
0:00 of 3rd period - Icing by Chris Kelly.

Period #3

0:01 of 3rd period - Bobby Holik wins face-off versus Ethan Moreau in neutral zone.
0:16 of 3rd period - Shot by Greg Zanon.
0:16 of 3rd period - Goal by Greg Zanon - MapleLeafs : 4 - Bruins : 1.
0:17 of 3rd period - Patrice Bergeron wins face-off versus Stephen Weiss in neutral zone.
0:19 of 3rd period - Minor Penalty to Andreas Lilja for Roughing.
0:20 of 3rd period - Patrice Bergeron wins face-off versus Matt Stajan in MapleLeafs zone.
0:21 of 3rd period - Shot by Sergei Zubov.
0:21 of 3rd period - Stopped by Patrick Lalime with a rebound.
0:23 of 3rd period - Shot by Rick Nash.
0:23 of 3rd period - Stopped by Patrick Lalime without a rebound.
0:24 of 3rd period - Matt Stajan wins face-off versus Sean Avery in MapleLeafs zone.
0:47 of 3rd period - Shot by Marco Sturm.
0:47 of 3rd period - Stopped by Patrick Lalime without a rebound.
0:48 of 3rd period - Matt Stajan wins face-off versus Patrice Bergeron in MapleLeafs zone.
1:26 of 3rd period - Icing by Rick Nash.
1:27 of 3rd period - Matt Stajan wins face-off versus Patrice Bergeron in Bruins zone.
1:54 of 3rd period - Shot by Zdeno Chara.
1:54 of 3rd period - Stopped by Patrick Lalime without a rebound.
1:55 of 3rd period - Michael Peca wins face-off versus Marco Sturm in MapleLeafs zone.
2:34 of 3rd period - Shot by Bobby Holik.
2:34 of 3rd period - Shot Misses the Net.
2:41 of 3rd period - Bryan Smolinski is hit by Andreas Lilja and loses puck.
2:46 of 3rd period - Shot by Bobby Holik.
2:46 of 3rd period - Shot Misses the Net.
2:48 of 3rd period - Shot by Bobby Holik.
2:48 of 3rd period - Shot Misses the Net.
2:50 of 3rd period - Shot by Bryan Smolinski.
2:50 of 3rd period - Goal by Bryan Smolinski - MapleLeafs : 4 - Bruins : 2.
2:51 of 3rd period - Matt Stajan wins face-off versus Patrice Bergeron in neutral zone.
3:12 of 3rd period - Icing by Sergei Zubov.
3:13 of 3rd period - Patrice Bergeron wins face-off versus Alexei Ponikarovsky in Bruins zone.
3:36 of 3rd period - Shot by Jeff O'Neill.
3:36 of 3rd period - Stopped by Tim Thomas with a rebound.
3:38 of 3rd period - Shot by Simon Gagne.
3:38 of 3rd period - Shot Misses the Net.
3:40 of 3rd period - Shot by Alexei Ponikarovsky.
3:40 of 3rd period - Deflect By Simon Gagne.
3:40 of 3rd period - Stopped by Tim Thomas without a rebound.
3:41 of 3rd period - Matt Stajan wins face-off versus Bobby Holik in Bruins zone.
3:54 of 3rd period - Michael Peca is hit by Bobby Holik and loses puck.
4:05 of 3rd period - Shot by Bobby Holik.
4:05 of 3rd period - Shot Misses the Net.
4:07 of 3rd period - Shot by Shane Hnidy.
4:07 of 3rd period - Shot Hit the Post.
5:06 of 3rd period - Ian Laperriere is hit by Zdeno Chara and loses puck.
5:13 of 3rd period - Shot by Alexei Ponikarovsky.
5:13 of 3rd period - Stopped by Tim Thomas without a rebound.
5:14 of 3rd period - Sean Avery wins face-off versus Stephen Weiss in Bruins zone.
5:19 of 3rd period - Stephen Weiss is hit by Sean Avery and loses puck.
5:30 of 3rd period - Shot by Glen Murray.
5:30 of 3rd period - Stopped by Patrick Lalime without a rebound.
5:31 of 3rd period - Alexei Ponikarovsky wins face-off versus Bobby Holik in MapleLeafs zone.
5:47 of 3rd period - Shot by Stephen Weiss.
5:47 of 3rd period - Shot Misses the Net.
5:50 of 3rd period - Icing by P.J. Axelsson.
5:51 of 3rd period - Ian Laperriere wins face-off versus Bobby Holik in Bruins zone.
5:57 of 3rd period - Icing by P.J. Axelsson.
5:58 of 3rd period - Bobby Holik wins face-off versus Chris Kelly in Bruins zone.
5:58 of 3rd period - Bobby Holik is hit by Jeff O'Neill.
6:11 of 3rd period - Bryan Smolinski is hit by Barret Jackman and loses puck.
7:01 of 3rd period - Off-side.
7:02 of 3rd period - Michael Peca wins face-off versus Patrice Bergeron in neutral zone.
7:02 of 3rd period - Fedor Tyutin is hit by Shane Doan and loses puck.
7:15 of 3rd period - Michael Peca is hit by Zdeno Chara and loses puck.
7:23 of 3rd period - Sami Salo is hit by Matt Stajan and loses puck.
7:29 of 3rd period - Fedor Tyutin is hit by Marco Sturm and loses puck.
9:00 of 3rd period - Greg Zanon is hit by Glen Murray and loses puck.
9:04 of 3rd period - Icing by Barret Jackman.
9:05 of 3rd period - Chris Kelly wins face-off versus Patrice Bergeron in MapleLeafs zone.
9:31 of 3rd period - Minor Penalty to Jeff O'Neill for High sticking.
9:32 of 3rd period - Bobby Holik wins face-off versus Matt Stajan in neutral zone.
9:35 of 3rd period - Shot by Marco Sturm.
9:35 of 3rd period - Stopped by Patrick Lalime without a rebound.
9:36 of 3rd period - Patrice Bergeron wins face-off versus Matt Stajan in MapleLeafs zone.
9:45 of 3rd period - Shot by Shane Doan.
9:45 of 3rd period - Stopped by Patrick Lalime with a rebound.
9:49 of 3rd period - Shot by Patrice Bergeron.
9:49 of 3rd period - Stopped by Patrick Lalime without a rebound.
9:50 of 3rd period - Michael Peca wins face-off versus Sean Avery in MapleLeafs zone.
10:17 of 3rd period - Shot by Zdeno Chara.
10:17 of 3rd period - Shot Blocked by Andreas Lilja.
11:13 of 3rd period - Shot by Bobby Holik.
11:13 of 3rd period - Shot Misses the Net.
11:15 of 3rd period - Shot by Rostislav Klesla.
11:15 of 3rd period - Deflect By Marco Sturm.
11:15 of 3rd period - Goal by Marco Sturm - MapleLeafs : 4 - Bruins : 3.
11:16 of 3rd period - Stephen Weiss wins face-off versus Bobby Holik in neutral zone.
11:26 of 3rd period - Shot by Sami Salo.
11:26 of 3rd period - Shot Misses the Net.
11:30 of 3rd period - Shot by Bryan Smolinski.
11:30 of 3rd period - Deflect By Bobby Holik.
11:30 of 3rd period - Stopped by Patrick Lalime without a rebound.
11:31 of 3rd period - Matt Stajan wins face-off versus Bobby Holik in MapleLeafs zone.
11:33 of 3rd period - Icing by Ian White.
11:34 of 3rd period - Matt Stajan wins face-off versus Mike Richards in MapleLeafs zone.
11:48 of 3rd period - Minor Penalty to Ruslan Salei for Interference.
11:49 of 3rd period - Bobby Holik wins face-off versus Alexei Ponikarovsky in Bruins zone.
11:57 of 3rd period - Icing by Barret Jackman.
11:58 of 3rd period - Bryan Smolinski wins face-off versus Alexei Ponikarovsky in MapleLeafs zone.
12:05 of 3rd period - Shot by P.J. Axelsson.
12:05 of 3rd period - Shot Misses the Net.
12:19 of 3rd period - Shot by Simon Gagne.
12:19 of 3rd period - Shot Blocked by P.J. Axelsson.
12:21 of 3rd period - Shot by Barret Jackman.
12:21 of 3rd period - Stopped by Tim Thomas with a rebound.
12:23 of 3rd period - Shot by Greg Zanon.
12:23 of 3rd period - Shot Misses the Net.
12:25 of 3rd period - Shot by Simon Gagne.
12:25 of 3rd period - Shot Hit the Post.
13:55 of 3rd period - Icing by Rick Nash.
13:56 of 3rd period - Sean Avery wins face-off versus Matt Stajan in Bruins zone.
14:03 of 3rd period - Shot by Rick Nash.
14:03 of 3rd period - Shot Misses the Net.
14:05 of 3rd period - Shot by Sergei Zubov.
14:05 of 3rd period - Shot Blocked by Ian White.
14:09 of 3rd period - Shot by Glen Murray.
14:09 of 3rd period - Shot Blocked by Ian White.
14:13 of 3rd period - Shot by Rick Nash.
14:13 of 3rd period - Shot Misses the Net.
14:15 of 3rd period - Shot by Rick Nash.
14:15 of 3rd period - Deflect By Sean Avery.
14:15 of 3rd period - Stopped by Patrick Lalime without a rebound.
14:16 of 3rd period - Stephen Weiss wins face-off versus Patrice Bergeron in MapleLeafs zone.
14:20 of 3rd period - Off-side.
14:21 of 3rd period - Patrice Bergeron wins face-off versus Matt Stajan in neutral zone.
14:40 of 3rd period - Shot by Sergei Zubov.
14:40 of 3rd period - Stopped by Patrick Lalime without a rebound.
14:41 of 3rd period - Stephen Weiss wins face-off versus Bobby Holik in MapleLeafs zone.
14:41 of 3rd period - Stephen Weiss is hit by Bobby Holik.
14:47 of 3rd period - Rostislav Klesla is hit by Ian Laperriere and loses puck.
15:45 of 3rd period - Minor Penalty to Paul Ranger for Hooking.
15:46 of 3rd period - Patrice Bergeron wins face-off versus Michael Peca in MapleLeafs zone.
15:57 of 3rd period - Shot by Patrice Bergeron.
15:57 of 3rd period - Goal by Patrice Bergeron - MapleLeafs : 4 - Bruins : 4.
15:58 of 3rd period - Sean Avery wins face-off versus Matt Stajan in neutral zone.
16:01 of 3rd period - Shot by Sergei Zubov.
16:01 of 3rd period - Shot Blocked by Matt Stajan.
16:03 of 3rd period - Shot by Sergei Zubov.
16:03 of 3rd period - Shot Misses the Net.
16:05 of 3rd period - Shot by Sean Avery.
16:05 of 3rd period - Stopped by Patrick Lalime with a rebound.
16:39 of 3rd period - Michael Peca is hit by Sean Avery and loses puck.
17:02 of 3rd period - Shot by Patrice Bergeron.
17:02 of 3rd period - Stopped by Patrick Lalime with a rebound.
17:39 of 3rd period - Simon Gagne is hit by Rostislav Klesla and loses puck.
18:07 of 3rd period - Shot by Bobby Holik.
18:07 of 3rd period - Stopped by Patrick Lalime without a rebound.
18:08 of 3rd period - Stephen Weiss wins face-off versus Sean Avery in MapleLeafs zone.
18:26 of 3rd period - Shot by Stephen Weiss.
18:26 of 3rd period - Stopped by Tim Thomas with a rebound.
18:28 of 3rd period - Shot by Ian Laperriere.
18:28 of 3rd period - Shot Misses the Net.
18:50 of 3rd period - Shot by Alexei Ponikarovsky.
18:50 of 3rd period - Shot Misses the Net.
18:57 of 3rd period - Icing by Ruslan Salei.
18:58 of 3rd period - Matt Stajan wins face-off versus Sean Avery in Bruins zone.
19:03 of 3rd period - Shot by Ian White.
19:03 of 3rd period - Shot Misses the Net.
19:07 of 3rd period - Shot by Ethan Moreau.
19:07 of 3rd period - Shot Misses the Net.
19:11 of 3rd period - Shot by Michael Peca.
19:11 of 3rd period - Stopped by Tim Thomas without a rebound.
19:12 of 3rd period - Matt Stajan wins face-off versus Patrice Bergeron in Bruins zone.
19:23 of 3rd period - Fedor Tyutin is hit by Shane Doan and loses puck.
19:51 of 3rd period - Icing by Zdeno Chara.
19:52 of 3rd period - Patrice Bergeron wins face-off versus Stephen Weiss in Bruins zone.

Overtime #1

0:01 of 1st overtime period - Patrice Bergeron wins face-off versus Ethan Moreau in neutral zone.
0:25 of 1st overtime period - Minor Penalty to Rostislav Klesla for Hooking.
0:26 of 1st overtime period - Bobby Holik wins face-off versus Alexei Ponikarovsky in MapleLeafs zone.
0:40 of 1st overtime period - Off-side.
0:41 of 1st overtime period - Bryan Smolinski wins face-off versus Alexei Ponikarovsky in neutral zone.
1:52 of 1st overtime period - Shot by Simon Gagne.
1:52 of 1st overtime period - Stopped by Tim Thomas without a rebound.
1:53 of 1st overtime period - Simon Gagne wins face-off versus Bobby Holik in Bruins zone.
2:40 of 1st overtime period - Shot by Shane Doan.
2:40 of 1st overtime period - Deflect By Sean Avery.
2:40 of 1st overtime period - Stopped by Patrick Lalime without a rebound.
2:41 of 1st overtime period - Alexei Ponikarovsky wins face-off versus Patrice Bergeron in MapleLeafs zone.
4:19 of 1st overtime period - Shot by Matt Stajan.
4:19 of 1st overtime period - Shot Misses the Net.

ShootOut

ShootOut - Penalty Shot by Simon Gagne for MapleLeafs.
ShootOut - Stopped by Tim Thomas.
ShootOut - Penalty Shot by Sergei Zubov for Bruins.
ShootOut - Shot Misses the Net.
ShootOut - Penalty Shot by Ethan Moreau for MapleLeafs.
ShootOut - Shot Misses the Net.
ShootOut - Penalty Shot by Rick Nash for Bruins.
ShootOut - Goal by Rick Nash.
ShootOut - Penalty Shot by Alexei Ponikarovsky for MapleLeafs.
ShootOut - Stopped by Tim Thomas.


Output by the SimonT Hockey Simulator (STHS) for Stephane Roy -- Original Page W3C XHTML 1.0 Valid